Devils vs Sharks

Created - December 4, 2016 at 10:21

Goals
1 2 3 T
Devils 0 3 1 4
Sharks 0 0 0 0
Shots
1 2 3 T
Devils 8 9 16 33
Sharks 6 8 6 20

1st period

No Goal

Penalties :
Robert Bortuzzo (SJS) for High sticking (Minor) at 3:58, Trevor Daley (NJD) for Tripping (Minor) at 12:29, Darren Dietz (SJS) for Hooking (Minor) at 15:06

2nd period

1. Devils , Mikko Koivu 10 (Anton Stralman) at 0:16
2. Devils , Valtteri Filppula 9 (Drew Stafford, Anton Stralman) at 8:37 (PP)
3. Devils , Tyler Johnson 7 (James Neal) at 10:41

Penalties :
Robert Bortuzzo (SJS) for Holding Stick (Minor) at 0:12, Tommy Wingels (NJD) for Hooking (Minor) at 0:12, Brooks Laich (SJS) for Elbowing (Minor) at 8:18

3rd period

4. Devils , Tyler Johnson 8 (Mikko Koivu) at 0:12

Penalties :
Tommy Wingels (NJD) for Roughing (Minor) at 2:30

Goalie Stats

Corey Crawford (NJD), 20 saves from 20 shots - (1.000), W, 11-3-4, 60:00 minutes
Jonas Hiller (SJS), 15 saves from 15 shots - (1.000), 19:48 minutes
Ryan Miller (SJS), 14 saves from 18 shots - (0.778), L, 5-10-2, 40:12 minutes

Players Stats for Devils

Player Name              G  A  P  +/- PIM S  H  SB GA TA FO     MP     PP MP  PK MP  
------------------------------------------------------------------------------------
Ales Hemsky              0  0  0   0  0   1  0  0  0  0  0/1    12:46   0:00   0:00 
Anton Stralman           0  2  2   1  0   1  0  3  0  0  0/0    21:50   2:38   1:43 
Brandon Sutter           0  0  0   0  0   2  1  0  0  0  15/25  16:46   1:58   0:00 
Colin Greening           0  0  0   0  0   0  1  0  0  0  0/1    10:10   0:00   0:53 
Darren Helm              0  0  0   0  0   4  0  1  0  0  6/10    9:17   0:00   0:00 
Dougie Hamilton          0  0  0   1  0   1  2  0  0  0  0/0    20:07   2:38   0:00 
Drew Stafford            0  1  1   0  0   4  0  0  0  0  7/14   14:44   1:58   0:00 
James Neal               0  1  1   2  0   4  0  0  0  0  0/0    16:23   2:19   0:00 
Johan Franzen            0  0  0   0  0   0  0  0  0  0  0/0     9:17   0:00   0:00 
Michal Rozsival          0  0  0   2  0   1  2  0  0  0  0/0    21:34   1:39   2:15 
Miikka Salomaki          0  0  0   0  0   3  0  1  0  0  0/0    13:39   0:00   0:00 
Mikko Koivu              1  1  2   3  0   2  0  0  0  0  21/28  19:35   2:19   2:22 
Shayne Gostisbehere      0  0  0   2  0   0  0  0  0  0  0/0    21:34   1:39   2:15 
Steven Kampfer           0  0  0   0  0   1  1  0  0  0  0/0    17:19   0:00   0:43 
Tommy Wingels            0  0  0   0  4   0  2  0  0  0  1/1    13:27   0:00   0:43 
Trevor Daley             0  0  0   0  2   0  0  2  0  0  0/0    17:35   0:00   1:00 
Tyler Johnson            2  0  2   3  0   3  0  1  0  0  2/4    18:49   2:19   1:36 
Valtteri Filppula        1  0  1   0  0   6  0  0  0  0  0/0    19:08   1:58   2:22 

Players Stats for Sharks

Player Name              G  A  P  +/- PIM S  H  SB GA TA FO     MP     PP MP  PK MP  
------------------------------------------------------------------------------------
Andrej Sustr             0  0  0  -2  0   1  0  0  0  0  0/0    21:29   2:07   1:52 
Andrew Shaw              0  0  0  -2  0   9  3  1  0  0  1/4    20:17   1:49   2:02 
Brenden Dillon           0  0  0  -1  0   0  2  2  0  0  0/0    20:52   1:54   2:27 
Brooks Laich             0  0  0   0  2   1  1  0  0  0  1/1    15:29   0:33   0:00 
Charlie Coyle            0  0  0  -1  0   1  5  0  0  0  1/6    19:37   1:36   2:00 
Colin Miller             0  0  0  -1  0   0  0  1  0  0  0/0    15:36   0:00   0:00 
Darren Dietz             0  0  0   0  2   0  1  0  0  0  0/0    17:25   0:00   0:00 
Dave Bolland             0  0  0  -1  0   1  2  1  0  0  9/20   19:27   0:00   0:00 
Henrik Zetterberg        0  0  0  -1  0   1  0  0  0  0  2/4    22:46   2:22   0:02 
Justin Falk              0  0  0   0  0   0  0  0  0  0  0/0     1:32   0:00   0:00 
Ladislav Smid            0  0  0   0  0   0  0  0  0  0  0/0     1:33   0:13   1:00 
Marc Staal               0  0  0  -1  0   0  0  2  0  0  0/0    23:39   1:51   2:25 
Martin Havlat            0  0  0   0  0   0  0  0  0  0  1/5     4:19   0:13   0:00 
Nick Bjugstad            0  0  0   0  0   3  0  0  0  0  5/17   14:57   0:00   0:00 
Nikolay Kulemin          0  0  0  -1  0   1  0  0  0  0  2/3    19:00   1:23   2:15 
Robert Bortuzzo          0  0  0  -1  4   0  4  2  0  0  0/0    17:51   1:51   0:50 
Ryan Nugent-Hopkins      0  0  0  -1  0   2  0  0  0  0  8/18   17:53   1:36   0:00 
Sam Reinhart             0  0  0  -1  0   0  0  0  0  0  2/6    19:58   2:22   2:15 

3 Stars

1 - Tyler Johnson (NJD)
2 - Corey Crawford (NJD)
3 - Mikko Koivu (NJD)

Power Play

Devils - 1 on 3 Attempt(s) - 33.33%
Sharks - 0 on 2 Attempt(s) - 0.00%

Penalty Kill

Devils - 2 on 2 Attempt(s) - 100.00% - Score 0 goal in Penalty Kill
Sharks - 2 on 3 Attempt(s) - 66.67% - Score 0 goal in Penalty Kill

Team Stat

Devils - Hits : 9 - Faceoff Wins : 52 - Blocked Shots : 8 - Penalty Minutes : 6
Sharks - Hits : 18 - Faceoff Wins : 32 - Blocked Shots : 9 - Penalty Minutes : 8

Official

Referees : Graham Skiliter and Jean Hebert
Linesman : Trent Knorr and Shandor Alphonso

Game Notes

Jonas Hiller enters game at 0:12 of 3rd period

Finance

Level 1 -- Attendance: 6500 (100.00%) -- Ticket Income $650,000
Level 2 -- Attendance: 4815 (96.30%) -- Ticket Income $288,900
Level 3 -- Attendance: 3381 (96.60%) -- Ticket Income $118,335
Level 4 -- Attendance: 1562 (100.00%) -- Ticket Income $31,240
Luxury Box -- Attendance: 1000 (100.00%) -- Ticket Income $200,000
Game was played at the SAP center.
Total Attendance: 17258 (98.27%)
Total Ticket Income: $1,288,475
Other Income: $193,271
Total Income: $1,481,746

% Time on Ice - Devils

Lines # - Real PCT - Wanted PCT - Time Play
Normal Forward
1 - 28% - 27% - 14:04
2 - 27% - 27% - 13:39
3 - 26% - 26% - 12:46
4 - 19% - 20% - 9:17
Normal Defense
1 - 33% - 34% - 16:39
2 - 33% - 33% - 16:31
3 - 33% - 33% - 16:36
4 - 0% - 0% - 0:00
PP Forward
1 - 54% - 50% - 2:19
2 - 46% - 50% - 1:58
PP Defense
1 - 61% - 50% - 2:38
2 - 39% - 50% - 1:39
PK Forward
1 - 60% - 50% - 2:22
2 - 40% - 50% - 1:36
PK Defense
1 - 43% - 50% - 1:43
2 - 57% - 50% - 2:15
PK3 Forward
1 - 0% - 50%
2 - 0% - 50%
PK3 Defense
1 - 0% - 50%
2 - 0% - 50%
44 Forward
1 - 42% - 50% - 0:50
2 - 58% - 50% - 1:09
44 Defense
1 - 42% - 50% - 0:50
2 - 58% - 50% - 1:09
Last Minute Offensive  - 0:00
Last Minute Defensive  - 0:00
Total
Forward - 60:00
Defense - 60:00

% Time on Ice - Sharks

Lines # - Real PCT - Wanted PCT - Time Play
Normal Forward
1 - 31% - 33% - 15:21
2 - 31% - 30% - 15:22
3 - 30% - 27% - 14:57
4 - 8% - 10% - 4:06
Normal Defense
1 - 35% - 36% - 17:26
2 - 31% - 33% - 15:36
3 - 31% - 31% - 15:12
4 - 3% - 0% - 1:32
PP Forward
1 - 60% - 55% - 2:22
2 - 40% - 45% - 1:36
PP Defense
1 - 47% - 55% - 1:51
2 - 53% - 45% - 2:07
PK Forward
1 - 53% - 50% - 2:15
2 - 47% - 50% - 2:02
PK Defense
1 - 51% - 50% - 2:10
2 - 49% - 50% - 2:07
PK3 Forward
1 - 0% - 55%
2 - 0% - 45%
PK3 Defense
1 - 0% - 55%
2 - 0% - 45%
44 Forward
1 - 54% - 50% - 1:04
2 - 46% - 50% - 0:55
44 Defense
1 - 59% - 50% - 1:10
2 - 41% - 50% - 0:49
Last Minute Offensive  - 0:00
Last Minute Defensive  - 0:00
Total
Forward - 60:00
Defense - 60:00

Play by Play

1st period


0:01 of 1st period - Dave Bolland wins face-off versus Tyler Johnson in neutral zone.
0:29 of 1st period - Icing by Anton Stralman.
0:30 of 1st period - Mikko Koivu wins face-off versus Ryan Nugent-Hopkins in Devils zone.
0:56 of 1st period - Shot by Nikolay Kulemin.
0:56 of 1st period - Shot Misses the Net.
0:58 of 1st period - Shot by Nikolay Kulemin.
0:58 of 1st period - Shot Misses the Net.
1:37 of 1st period - Icing by Valtteri Filppula.
1:38 of 1st period - Brandon Sutter wins face-off versus Nick Bjugstad in Devils zone.
2:03 of 1st period - Shot by Valtteri Filppula.
2:03 of 1st period - Stopped by Ryan Miller without a rebound.
2:04 of 1st period - Martin Havlat wins face-off versus Drew Stafford in Sharks zone.
2:52 of 1st period - Icing by Marc Staal.
2:53 of 1st period - Darren Helm wins face-off versus Martin Havlat in Sharks zone.
3:02 of 1st period - Shot by Darren Helm.
3:02 of 1st period - Stopped by Ryan Miller without a rebound.
3:03 of 1st period - Nick Bjugstad wins face-off versus Colin Greening in Sharks zone.
3:22 of 1st period - Shot by Darren Helm.
3:22 of 1st period - Deflect By Colin Greening.
3:22 of 1st period - Shot Misses the Net.
3:58 of 1st period - Minor Penalty to Robert Bortuzzo for High sticking.
3:59 of 1st period - Mikko Koivu wins face-off versus Sam Reinhart in Sharks zone.
5:32 of 1st period - Shot by Michal Rozsival.
5:32 of 1st period - Stopped by Ryan Miller without a rebound.
5:33 of 1st period - Brandon Sutter wins face-off versus Charlie Coyle in Sharks zone.
5:33 of 1st period - Brandon Sutter is hit by Brenden Dillon.
5:53 of 1st period - Shot by Brandon Sutter.
5:53 of 1st period - Shot Misses the Net.
5:55 of 1st period - Shot by Drew Stafford.
5:55 of 1st period - Stopped by Ryan Miller without a rebound.
5:56 of 1st period - Henrik Zetterberg wins face-off versus Mikko Koivu in Sharks zone.
6:06 of 1st period - Henrik Zetterberg is hit by Steven Kampfer and loses puck.
6:10 of 1st period - Icing by Trevor Daley.
6:11 of 1st period - Ryan Nugent-Hopkins wins face-off versus Darren Helm in Devils zone.
6:21 of 1st period - Icing by Trevor Daley.
6:22 of 1st period - Darren Helm wins face-off versus Dave Bolland in Devils zone.
6:31 of 1st period - Icing by Marc Staal.
6:32 of 1st period - Drew Stafford wins face-off versus Dave Bolland in Sharks zone.
6:35 of 1st period - Shot by Ales Hemsky.
6:35 of 1st period - Stopped by Ryan Miller with a rebound.
7:26 of 1st period - Anton Stralman is hit by Andrew Shaw and loses puck.
7:43 of 1st period - Shot by Nikolay Kulemin.
7:43 of 1st period - Stopped by Corey Crawford with a rebound.
7:45 of 1st period - Shot by Ryan Nugent-Hopkins.
7:45 of 1st period - Shot Misses the Net.
8:25 of 1st period - Shot by Andrej Sustr.
8:25 of 1st period - Shot Misses the Net.
8:27 of 1st period - Shot by Charlie Coyle.
8:27 of 1st period - Shot Blocked by Trevor Daley.
8:29 of 1st period - Shot by Andrej Sustr.
8:29 of 1st period - Deflect By Charlie Coyle.
8:29 of 1st period - Shot Blocked by Miikka Salomaki.
8:31 of 1st period - Shot by Andrej Sustr.
8:31 of 1st period - Stopped by Corey Crawford without a rebound.
8:32 of 1st period - Dave Bolland wins face-off versus Mikko Koivu in Devils zone.
8:32 of 1st period - Dave Bolland is hit by Michal Rozsival.
9:01 of 1st period - Shot by Mikko Koivu.
9:01 of 1st period - Shot Blocked by Robert Bortuzzo.
9:22 of 1st period - Icing by Dave Bolland.
9:23 of 1st period - Brandon Sutter wins face-off versus Dave Bolland in Sharks zone.
9:24 of 1st period - Shot by Valtteri Filppula.
9:24 of 1st period - Shot Misses the Net.
9:39 of 1st period - Shot by Valtteri Filppula.
9:39 of 1st period - Stopped by Ryan Miller with a rebound.
10:40 of 1st period - Darren Helm is hit by Charlie Coyle and loses puck.
11:04 of 1st period - Shot by Andrew Shaw.
11:04 of 1st period - Deflect By Ryan Nugent-Hopkins.
11:04 of 1st period - Stopped by Corey Crawford without a rebound.
11:05 of 1st period - Mikko Koivu wins face-off versus Ryan Nugent-Hopkins in Devils zone.
11:05 of 1st period - Mikko Koivu is hit by Andrew Shaw.
11:23 of 1st period - Shot by Nikolay Kulemin.
11:23 of 1st period - Deflect By Andrew Shaw.
11:23 of 1st period - Shot Blocked by Tyler Johnson.
12:05 of 1st period - Shot by Miikka Salomaki.
12:05 of 1st period - Stopped by Ryan Miller without a rebound.
12:06 of 1st period - Dave Bolland wins face-off versus Drew Stafford in Sharks zone.
12:06 of 1st period - Dave Bolland is hit by Tommy Wingels.
12:29 of 1st period - Minor Penalty to Trevor Daley for Tripping.
12:30 of 1st period - Mikko Koivu wins face-off versus Andrew Shaw in Devils zone.
14:22 of 1st period - Off-side.
14:23 of 1st period - Tommy Wingels wins face-off versus Charlie Coyle in neutral zone.
14:47 of 1st period - Shot by Nick Bjugstad.
14:47 of 1st period - Stopped by Corey Crawford with a rebound.
14:49 of 1st period - Shot by Nick Bjugstad.
14:49 of 1st period - Deflect By Charlie Coyle.
14:49 of 1st period - Stopped by Corey Crawford without a rebound.
14:50 of 1st period - Drew Stafford wins face-off versus Henrik Zetterberg in Devils zone.
15:01 of 1st period - Shot by Drew Stafford.
15:01 of 1st period - Stopped by Ryan Miller with a rebound.
15:03 of 1st period - Shot by Tommy Wingels.
15:03 of 1st period - Shot Misses the Net.
15:06 of 1st period - Minor Penalty to Darren Dietz for Hooking.
15:07 of 1st period - Sam Reinhart wins face-off versus Mikko Koivu in Sharks zone.
16:54 of 1st period - Icing by Mikko Koivu.
16:55 of 1st period - Mikko Koivu wins face-off versus Sam Reinhart in Devils zone.
17:32 of 1st period - Shot by Colin Greening.
17:32 of 1st period - Shot Misses the Net.
18:03 of 1st period - Off-side.
18:04 of 1st period - Brooks Laich wins face-off versus Brandon Sutter in neutral zone.
18:21 of 1st period - Icing by Colin Miller.
18:22 of 1st period - Mikko Koivu wins face-off versus Nick Bjugstad in Sharks zone.
18:41 of 1st period - Shot by Nick Bjugstad.
18:41 of 1st period - Stopped by Corey Crawford without a rebound.
18:42 of 1st period - Dave Bolland wins face-off versus Brandon Sutter in Devils zone.
19:28 of 1st period - Off-side.
19:29 of 1st period - Ryan Nugent-Hopkins wins face-off versus Tyler Johnson in neutral zone.
19:42 of 1st period - Mikko Koivu is hit by Andrew Shaw and loses puck.
Goals for this period are 0 for Devils vs 0 for Sharks.
Shots for this period are 8 for Devils vs 6 for Sharks.

2nd period


0:01 of 2nd period - Drew Stafford wins face-off versus Dave Bolland in neutral zone.
0:01 of 2nd period - Drew Stafford is hit by Dave Bolland.
0:12 of 2nd period - Minor Penalty to Robert Bortuzzo for Holding Stick.
0:12 of 2nd period - Minor Penalty to Tommy Wingels for Hooking.
0:13 of 2nd period - Mikko Koivu wins face-off versus Charlie Coyle in Sharks zone.
0:16 of 2nd period - Shot by Mikko Koivu.
0:16 of 2nd period - Goal by Mikko Koivu - Devils : 1 - Sharks : 0.
0:17 of 2nd period - Brandon Sutter wins face-off versus Ryan Nugent-Hopkins in neutral zone.
0:53 of 2nd period - Shot by Henrik Zetterberg.
0:53 of 2nd period - Shot Misses the Net.
1:25 of 2nd period - Shot by Andrew Shaw.
1:25 of 2nd period - Stopped by Corey Crawford without a rebound.
1:26 of 2nd period - Mikko Koivu wins face-off versus Andrew Shaw in Devils zone.
1:33 of 2nd period - Shot by Mikko Koivu.
1:33 of 2nd period - Shot Blocked by Andrew Shaw.
1:48 of 2nd period - Icing by Charlie Coyle.
1:49 of 2nd period - Mikko Koivu wins face-off versus Charlie Coyle in Sharks zone.
2:52 of 2nd period - Shot by Drew Stafford.
2:52 of 2nd period - Shot Blocked by Brenden Dillon.
3:03 of 2nd period - Icing by Steven Kampfer.
3:04 of 2nd period - Ryan Nugent-Hopkins wins face-off versus Drew Stafford in Devils zone.
3:19 of 2nd period - Shot by Ryan Nugent-Hopkins.
3:19 of 2nd period - Stopped by Corey Crawford without a rebound.
3:20 of 2nd period - Nick Bjugstad wins face-off versus Brandon Sutter in Devils zone.
3:51 of 2nd period - Shot by Valtteri Filppula.
3:51 of 2nd period - Stopped by Ryan Miller without a rebound.
3:52 of 2nd period - Henrik Zetterberg wins face-off versus Mikko Koivu in Sharks zone.
4:00 of 2nd period - Darren Dietz is hit by Michal Rozsival and loses puck.
4:19 of 2nd period - Shot by Henrik Zetterberg.
4:19 of 2nd period - Shot Misses the Net.
5:13 of 2nd period - Shot by Brandon Sutter.
5:13 of 2nd period - Stopped by Ryan Miller without a rebound.
5:14 of 2nd period - Nick Bjugstad wins face-off versus Drew Stafford in Sharks zone.
5:19 of 2nd period - Trevor Daley is hit by Charlie Coyle.
6:13 of 2nd period - Shot by Sam Reinhart.
6:13 of 2nd period - Shot Misses the Net.
6:22 of 2nd period - Icing by Darren Dietz.
6:23 of 2nd period - Dave Bolland wins face-off versus Brandon Sutter in Sharks zone.
6:23 of 2nd period - Dave Bolland is hit by Brandon Sutter.
6:51 of 2nd period - Shot by Henrik Zetterberg.
6:51 of 2nd period - Shot Blocked by Anton Stralman.
6:55 of 2nd period - Shot by Sam Reinhart.
6:55 of 2nd period - Shot Misses the Net.
7:20 of 2nd period - Ryan Nugent-Hopkins is hit by Dougie Hamilton and loses puck.
7:25 of 2nd period - Shot by Andrew Shaw.
7:25 of 2nd period - Stopped by Corey Crawford without a rebound.
7:26 of 2nd period - Mikko Koivu wins face-off versus Nick Bjugstad in Devils zone.
7:31 of 2nd period - Shot by Shayne Gostisbehere.
7:31 of 2nd period - Shot Misses the Net.
7:52 of 2nd period - Tyler Johnson is hit by Charlie Coyle and loses puck.
8:08 of 2nd period - James Neal is hit by Charlie Coyle.
8:18 of 2nd period - Minor Penalty to Brooks Laich for Elbowing.
8:19 of 2nd period - Sam Reinhart wins face-off versus Brandon Sutter in Sharks zone.
8:37 of 2nd period - Shot by Valtteri Filppula.
8:37 of 2nd period - Goal by Valtteri Filppula - Devils : 2 - Sharks : 0.
8:38 of 2nd period - Darren Helm wins face-off versus Martin Havlat in neutral zone.
8:44 of 2nd period - Icing by Darren Dietz.
8:45 of 2nd period - Drew Stafford wins face-off versus Martin Havlat in Sharks zone.
9:08 of 2nd period - Ales Hemsky is hit by Dave Bolland and loses puck.
9:33 of 2nd period - Icing by Marc Staal.
9:34 of 2nd period - Brandon Sutter wins face-off versus Martin Havlat in Sharks zone.
9:52 of 2nd period - Brandon Sutter is hit by Brenden Dillon and loses puck.
10:06 of 2nd period - Icing by Brenden Dillon.
10:07 of 2nd period - Mikko Koivu wins face-off versus Ryan Nugent-Hopkins in Sharks zone.
10:41 of 2nd period - Shot by Tyler Johnson.
10:41 of 2nd period - Goal by Tyler Johnson - Devils : 3 - Sharks : 0.
10:42 of 2nd period - Charlie Coyle wins face-off versus Darren Helm in neutral zone.
10:49 of 2nd period - Shot by Charlie Coyle.
10:49 of 2nd period - Shot Misses the Net.
10:51 of 2nd period - Shot by Nick Bjugstad.
10:51 of 2nd period - Shot Blocked by Darren Helm.
10:53 of 2nd period - Shot by Andrej Sustr.
10:53 of 2nd period - Shot Misses the Net.
11:04 of 2nd period - Shot by Charlie Coyle.
11:04 of 2nd period - Shot Misses the Net.
11:16 of 2nd period - Shot by Nick Bjugstad.
11:16 of 2nd period - Deflect By Charlie Coyle.
11:16 of 2nd period - Shot Misses the Net.
11:18 of 2nd period - Shot by Charlie Coyle.
11:18 of 2nd period - Shot Blocked by Anton Stralman.
11:20 of 2nd period - Shot by Brooks Laich.
11:20 of 2nd period - Stopped by Corey Crawford without a rebound.
11:21 of 2nd period - Brandon Sutter wins face-off versus Sam Reinhart in Devils zone.
11:56 of 2nd period - Icing by Steven Kampfer.
11:57 of 2nd period - Brandon Sutter wins face-off versus Ryan Nugent-Hopkins in Devils zone.
12:13 of 2nd period - Shot by Andrew Shaw.
12:13 of 2nd period - Shot Blocked by Trevor Daley.
12:59 of 2nd period - Shot by Mikko Koivu.
12:59 of 2nd period - Stopped by Ryan Miller with a rebound.
13:01 of 2nd period - Shot by Shayne Gostisbehere.
13:01 of 2nd period - Shot Misses the Net.
13:03 of 2nd period - Shot by James Neal.
13:03 of 2nd period - Shot Blocked by Robert Bortuzzo.
13:05 of 2nd period - Shot by Tyler Johnson.
13:05 of 2nd period - Stopped by Ryan Miller without a rebound.
13:06 of 2nd period - Dave Bolland wins face-off versus Drew Stafford in Sharks zone.
13:25 of 2nd period - Shot by Ales Hemsky.
13:25 of 2nd period - Shot Misses the Net.
13:43 of 2nd period - Shot by Sam Reinhart.
13:43 of 2nd period - Shot Misses the Net.
14:11 of 2nd period - Icing by Anton Stralman.
14:12 of 2nd period - Ryan Nugent-Hopkins wins face-off versus Ales Hemsky in Devils zone.
14:53 of 2nd period - Shot by Andrew Shaw.
14:53 of 2nd period - Stopped by Corey Crawford with a rebound.
15:11 of 2nd period - Shot by James Neal.
15:11 of 2nd period - Shot Misses the Net.
16:12 of 2nd period - Steven Kampfer is hit by Charlie Coyle and loses puck.
16:30 of 2nd period - Off-side.
16:31 of 2nd period - Ryan Nugent-Hopkins wins face-off versus Brandon Sutter in neutral zone.
16:34 of 2nd period - Shot by Andrew Shaw.
16:34 of 2nd period - Stopped by Corey Crawford with a rebound.
16:36 of 2nd period - Shot by Andrew Shaw.
16:36 of 2nd period - Stopped by Corey Crawford without a rebound.
16:37 of 2nd period - Brandon Sutter wins face-off versus Henrik Zetterberg in Devils zone.
17:00 of 2nd period - Icing by Michal Rozsival.
17:01 of 2nd period - Ryan Nugent-Hopkins wins face-off versus Brandon Sutter in Devils zone.
18:04 of 2nd period - Icing by Michal Rozsival.
18:05 of 2nd period - Brandon Sutter wins face-off versus Nick Bjugstad in Devils zone.
18:36 of 2nd period - James Neal is hit by Brooks Laich and loses puck.
18:41 of 2nd period - Shot by Nick Bjugstad.
18:41 of 2nd period - Stopped by Corey Crawford without a rebound.
18:42 of 2nd period - Darren Helm wins face-off versus Dave Bolland in Devils zone.
19:10 of 2nd period - Shot by Colin Greening.
19:10 of 2nd period - Shot Misses the Net.
19:12 of 2nd period - Shot by Darren Helm.
19:12 of 2nd period - Stopped by Ryan Miller without a rebound.
19:13 of 2nd period - Tyler Johnson wins face-off versus Ryan Nugent-Hopkins in Sharks zone.
19:13 of 2nd period - Tyler Johnson is hit by Darren Dietz.
19:17 of 2nd period - Shot by Mikko Koivu.
19:17 of 2nd period - Deflect By Tyler Johnson.
19:17 of 2nd period - Shot Misses the Net.
19:19 of 2nd period - Shot by Anton Stralman.
19:19 of 2nd period - Stopped by Ryan Miller without a rebound.
19:20 of 2nd period - Drew Stafford wins face-off versus Ryan Nugent-Hopkins in Sharks zone.
19:56 of 2nd period - Shot by Andrew Shaw.
19:56 of 2nd period - Shot Misses the Net.
19:58 of 2nd period - Shot by Andrew Shaw.
19:58 of 2nd period - Shot Blocked by Anton Stralman.
Goals for this period are 3 for Devils vs 0 for Sharks.
Shots for this period are 9 for Devils vs 8 for Sharks.

3rd period


0:01 of 3rd period - Mikko Koivu wins face-off versus Dave Bolland in neutral zone.
0:12 of 3rd period - Shot by Tyler Johnson.
0:12 of 3rd period - The goal is going for a video replay.
0:12 of 3rd period - The goal is good.
0:12 of 3rd period - Goal by Tyler Johnson - Devils : 4 - Sharks : 0.
0:12 of 3rd period - Jonas Hiller enters game.
0:13 of 3rd period - Ryan Nugent-Hopkins wins face-off versus Darren Helm in neutral zone.
0:20 of 3rd period - Shot by Ryan Nugent-Hopkins.
0:20 of 3rd period - Shot Misses the Net.
1:20 of 3rd period - Shot by Henrik Zetterberg.
1:20 of 3rd period - Shot Misses the Net.
1:41 of 3rd period - Shot by Dave Bolland.
1:41 of 3rd period - Shot Misses the Net.
1:43 of 3rd period - Shot by Dave Bolland.
1:43 of 3rd period - Stopped by Corey Crawford with a rebound.
1:45 of 3rd period - Shot by Henrik Zetterberg.
1:45 of 3rd period - Stopped by Corey Crawford without a rebound.
1:46 of 3rd period - Drew Stafford wins face-off versus Nick Bjugstad in Devils zone.
2:00 of 3rd period - Nick Bjugstad is hit by Dougie Hamilton and loses puck.
2:30 of 3rd period - Minor Penalty to Tommy Wingels for Roughing.
2:31 of 3rd period - Andrew Shaw wins face-off versus Mikko Koivu in Devils zone.
3:04 of 3rd period - Shot by Andrew Shaw.
3:04 of 3rd period - Stopped by Corey Crawford without a rebound.
3:05 of 3rd period - Tyler Johnson wins face-off versus Ryan Nugent-Hopkins in Devils zone.
3:28 of 3rd period - Shot by Charlie Coyle.
3:28 of 3rd period - Shot Misses the Net.
3:59 of 3rd period - Off-side.
4:00 of 3rd period - Mikko Koivu wins face-off versus Andrew Shaw in neutral zone.
4:03 of 3rd period - Shot by Valtteri Filppula.
4:03 of 3rd period - Shot Misses the Net.
4:06 of 3rd period - Icing by Andrej Sustr.
4:07 of 3rd period - Mikko Koivu wins face-off versus Sam Reinhart in Sharks zone.
5:45 of 3rd period - Shot by Henrik Zetterberg.
5:45 of 3rd period - Shot Misses the Net.
5:53 of 3rd period - Shot by Dave Bolland.
5:53 of 3rd period - Shot Misses the Net.
6:27 of 3rd period - Shot by Andrew Shaw.
6:27 of 3rd period - Stopped by Corey Crawford without a rebound.
6:28 of 3rd period - Brandon Sutter wins face-off versus Nick Bjugstad in Devils zone.
6:39 of 3rd period - Icing by Charlie Coyle.
6:40 of 3rd period - Mikko Koivu wins face-off versus Nick Bjugstad in Sharks zone.
6:56 of 3rd period - Icing by Brooks Laich.
6:57 of 3rd period - Brandon Sutter wins face-off versus Charlie Coyle in Sharks zone.
7:08 of 3rd period - Shot by Brandon Sutter.
7:08 of 3rd period - Stopped by Jonas Hiller without a rebound.
7:09 of 3rd period - Dave Bolland wins face-off versus Mikko Koivu in Sharks zone.
7:16 of 3rd period - Icing by Anton Stralman.
7:17 of 3rd period - Mikko Koivu wins face-off versus Dave Bolland in Devils zone.
7:19 of 3rd period - Icing by Anton Stralman.
7:20 of 3rd period - Dave Bolland wins face-off versus Mikko Koivu in Devils zone.
7:25 of 3rd period - Shot by Sam Reinhart.
7:25 of 3rd period - Deflect By Henrik Zetterberg.
7:25 of 3rd period - Shot Misses the Net.
7:35 of 3rd period - Anton Stralman is hit by Robert Bortuzzo and loses puck.
7:41 of 3rd period - James Neal is hit by Robert Bortuzzo.
7:44 of 3rd period - Mikko Koivu is hit by Robert Bortuzzo and loses puck.
8:32 of 3rd period - Shot by Valtteri Filppula.
8:32 of 3rd period - Stopped by Jonas Hiller without a rebound.
8:33 of 3rd period - Darren Helm wins face-off versus Nick Bjugstad in Sharks zone.
9:22 of 3rd period - Off-side.
9:23 of 3rd period - Brandon Sutter wins face-off versus Ryan Nugent-Hopkins in neutral zone.
9:53 of 3rd period - Shot by Nikolay Kulemin.
9:53 of 3rd period - Deflect By Andrew Shaw.
9:53 of 3rd period - Stopped by Corey Crawford without a rebound.
9:54 of 3rd period - Mikko Koivu wins face-off versus Dave Bolland in Devils zone.
11:21 of 3rd period - Shot by Darren Helm.
11:21 of 3rd period - Stopped by Jonas Hiller without a rebound.
11:22 of 3rd period - Nick Bjugstad wins face-off versus Brandon Sutter in Sharks zone.
11:34 of 3rd period - Shot by Valtteri Filppula.
11:34 of 3rd period - Deflect By Miikka Salomaki.
11:34 of 3rd period - Stopped by Jonas Hiller without a rebound.
11:35 of 3rd period - Drew Stafford wins face-off versus Nikolay Kulemin in Sharks zone.
11:44 of 3rd period - Shot by Drew Stafford.
11:44 of 3rd period - Stopped by Jonas Hiller without a rebound.
11:45 of 3rd period - Nick Bjugstad wins face-off versus Brandon Sutter in Sharks zone.
12:01 of 3rd period - Icing by Valtteri Filppula.
12:02 of 3rd period - Brandon Sutter wins face-off versus Dave Bolland in Devils zone.
12:09 of 3rd period - Shot by Brandon Sutter.
12:09 of 3rd period - Shot Misses the Net.
12:15 of 3rd period - Shot by Miikka Salomaki.
12:15 of 3rd period - Stopped by Jonas Hiller without a rebound.
12:16 of 3rd period - Mikko Koivu wins face-off versus Ryan Nugent-Hopkins in Sharks zone.
12:21 of 3rd period - Shot by James Neal.
12:21 of 3rd period - Stopped by Jonas Hiller without a rebound.
12:22 of 3rd period - Mikko Koivu wins face-off versus Dave Bolland in Sharks zone.
12:43 of 3rd period - Shot by James Neal.
12:43 of 3rd period - Stopped by Jonas Hiller with a rebound.
12:55 of 3rd period - Shot by Tyler Johnson.
12:55 of 3rd period - Deflect By Mikko Koivu.
12:55 of 3rd period - Shot Blocked by Marc Staal.
13:01 of 3rd period - Shot by James Neal.
13:01 of 3rd period - Stopped by Jonas Hiller with a rebound.
13:17 of 3rd period - Shot by Valtteri Filppula.
13:17 of 3rd period - Shot Blocked by Dave Bolland.
13:19 of 3rd period - Shot by Brandon Sutter.
13:19 of 3rd period - Shot Misses the Net.
13:31 of 3rd period - Shot by Brandon Sutter.
13:31 of 3rd period - Shot Blocked by Marc Staal.
13:35 of 3rd period - Shot by Dougie Hamilton.
13:35 of 3rd period - Stopped by Jonas Hiller without a rebound.
13:36 of 3rd period - Ryan Nugent-Hopkins wins face-off versus Darren Helm in Sharks zone.
14:02 of 3rd period - Icing by Shayne Gostisbehere.
14:03 of 3rd period - Darren Helm wins face-off versus Nick Bjugstad in Devils zone.
14:22 of 3rd period - Shot by Darren Helm.
14:22 of 3rd period - Stopped by Jonas Hiller with a rebound.
14:32 of 3rd period - Nick Bjugstad is hit by Colin Greening.
15:00 of 3rd period - Shot by Valtteri Filppula.
15:00 of 3rd period - Stopped by Jonas Hiller without a rebound.
15:01 of 3rd period - Nikolay Kulemin wins face-off versus Drew Stafford in Sharks zone.
15:06 of 3rd period - Nikolay Kulemin is hit by Tommy Wingels and loses puck.
15:39 of 3rd period - Shot by Andrew Shaw.
15:39 of 3rd period - Stopped by Corey Crawford without a rebound.
15:40 of 3rd period - Dave Bolland wins face-off versus Brandon Sutter in Devils zone.
16:01 of 3rd period - Icing by Brandon Sutter.
16:02 of 3rd period - Brandon Sutter wins face-off versus Nick Bjugstad in Devils zone.
16:09 of 3rd period - Icing by Andrej Sustr.
16:10 of 3rd period - Mikko Koivu wins face-off versus Nick Bjugstad in Sharks zone.
16:24 of 3rd period - Tyler Johnson is hit by Robert Bortuzzo and loses puck.
16:29 of 3rd period - Shot by Dougie Hamilton.
16:29 of 3rd period - Shot Misses the Net.
16:31 of 3rd period - Shot by James Neal.
16:31 of 3rd period - Stopped by Jonas Hiller without a rebound.
16:32 of 3rd period - Brandon Sutter wins face-off versus Dave Bolland in Sharks zone.
16:43 of 3rd period - Shot by Brandon Sutter.
16:43 of 3rd period - Shot Blocked by Colin Miller.
16:45 of 3rd period - Shot by Steven Kampfer.
16:45 of 3rd period - Stopped by Jonas Hiller without a rebound.
16:46 of 3rd period - Nikolay Kulemin wins face-off versus Drew Stafford in Sharks zone.
17:00 of 3rd period - Shot by Drew Stafford.
17:00 of 3rd period - Stopped by Jonas Hiller with a rebound.
18:09 of 3rd period - Shot by James Neal.
18:09 of 3rd period - Shot Blocked by Brenden Dillon.
18:49 of 3rd period - Shot by Nick Bjugstad.
18:49 of 3rd period - Deflect By Charlie Coyle.
18:49 of 3rd period - Shot Misses the Net.
18:52 of 3rd period - Icing by Steven Kampfer.
18:53 of 3rd period - Mikko Koivu wins face-off versus Nick Bjugstad in Devils zone.
Goals for this period are 1 for Devils vs 0 for Sharks.
Shots for this period are 16 for Devils vs 6 for Sharks.